 Dungeon Crawl Stone Soup version 0.30-a0-165-g1891117ce2 (webtiles) character file.

Game seed: 14329024677205425649

101 NinjaNoafa the Ducker (level 4, 0/38 HPs)
             Began as a Gnoll Gladiator on Sept 28, 2022.
             Slain by a gnoll
             ... wielding a +0 spear
              (6 damage)
             ... on level 2 of the Dungeon.
             The game lasted 00:04:24 (2485 turns).

NinjaNoafa the Ducker (Gnoll Gladiator)             Turns: 2485, Time: 00:04:25

Health: 0/38       AC:  4    Str: 13    XL:     4   Next: 75%
Magic:  14/14      EV: 14    Int:  9    God:
Gold:   113        SH:  0    Dex: 14    Spells: 5/5 levels left

rFire   . . .      SeeInvis .    a - +0 quarterstaff
rCold   . . .      Faith    .    (shield currently unavailable)
rNeg    . . .      Spirit   .    b - +0 leather armour
rPois   .          Reflect  .    c - +0 helmet
rElec   .          Harm     .    (no cloak)
rCorr   .          Rampage  .    (no gloves)
Will    .....                    (no boots)
Stlth   ++........               (no amulet)
HPRegen 0.12/turn                e - ring of magical power
MPRegen 0.14/turn                (no ring)

@: brilliant, about to teleport
A: fangs 1, strong nose, distributed training
a: no special abilities


You were on level 2 of the Dungeon.
You visited 1 branch of the dungeon, and saw 2 of its levels.

You collected 113 gold pieces.

Inventory:

Hand Weapons
 a - a +0 quarterstaff (weapon)
Missiles
 d - 3 throwing nets (quivered)
 f - 13 stones
Armour
 b - a +0 leather armour (worn)
 c - a +0 helmet (worn)
Jewellery
 e - a ring of magical power (left hand)
Scrolls
 h - a scroll of teleportation
 i - a scroll of torment {unknown}
 j - a scroll of magic mapping {unknown}
 k - a scroll of blinking {unknown}
 l - 2 scrolls of identify {unknown}


   Skills:
 + Level 4.7 Fighting
 + Level 1.2 Short Blades
 + Level 1.2 Long Blades
 + Level 1.2 Axes
 + Level 1.2 Maces & Flails
 + Level 1.2 Polearms
 + Level 6.6 Staves
 + Level 1.2 Ranged Weapons
 + Level 4.7 Throwing
 + Level 1.2 Armour
 + Level 6.6 Dodging
 + Level 1.2 Stealth
 + Level 1.2 Shields
 + Level 1.2 Unarmed Combat
 + Level 1.2 Spellcasting
 + Level 1.0 Conjurations
 + Level 1.0 Hexes
 + Level 1.0 Summonings
 + Level 1.0 Necromancy
 + Level 1.0 Translocations
 + Level 1.0 Transmutations
 + Level 1.0 Fire Magic
 + Level 1.0 Ice Magic
 + Level 1.0 Air Magic
 + Level 1.0 Earth Magic
 + Level 1.0 Poison Magic
 + Level 1.4 Invocations
 + Level 1.2 Evocations


You had 5 spell levels left.
You didn't know any spells.
Your spell library contained the following spells:

 Spells                   Type           Power      Damage    Failure   Level
 Freeze                   Ice            12%        1d4       30%         1
 Frozen Ramparts          Ice            6%         1d1       65%         3
 Hailstorm                Conj/Ice       3%         3d3       65%         3
 Kindle Blastsparks       Fire/Tloc/Air  6%         2d10      65%         3
 Fulminant Prism          Conj/Hex       1%         3d6       96%         4
 Iskenderun's Mystic Bla  Conj/Tloc      3%         2d3       96%         4
 Lee's Rapid Deconstruct  Erth           1%         3d5*      100%        5


Dungeon Overview and Level Annotations

Branches:
Dungeon (2/15)

Altars:
Xom

Annotations:
D:2 1 runed translucent door, Crazy Yiuf


Innate Abilities, Weirdness & Mutations

You have very sharp teeth.
Your uncanny sense of smell can sniff out nearby items.
Your experience applies equally to all skills.


Message History

The goblin barely misses you.
You barely miss the goblin. The goblin closely misses you.
You hit the goblin.
You kill the goblin!
You see here a +0 dagger.
You see here a +0 robe.
You open the door.
There is an open door here.
i - a scroll labelled SIDIFU RUPAAMMYU
There is an open door here.
There is an open door here.
There is an open door, spattered with blood here.
The gnoll shouts!
The gnoll shouts!
The gnoll hits you with a +0 flail.
You barely miss the gnoll. The gnoll closely misses you.
The gnoll barely misses you.
You closely miss the gnoll.
The gnoll shouts!
The gnoll hits you with a +0 flail. The gnoll closely misses you.
You barely miss the gnoll. The gnoll hits you with a +0 flail.
The gnoll misses you. The gnoll closely misses you.
It was a potion of brilliance.
You feel clever all of a sudden. The gnoll closely misses you.
The gnoll hits you from afar with a +0 spear.
The gnoll barely misses you.
You hit the gnoll.
The gnoll is lightly wounded.
The gnoll hits you from afar with a +0 spear.
The gnoll misses you. The gnoll attacks as you move away!
The gnoll barely misses you. The gnoll closely misses you.
The gnoll attacks as you move away! The gnoll hits you with a +0 flail!
* * * LOW HITPOINT WARNING * * *
As you read the scroll labelled ISID SUQINA, it crumbles to dust.
You feel strangely unstable.
It was a scroll of teleportation.
The gnoll closely misses you. x2
The gnoll hits you from afar with a +0 spear.
You die...

...#########....≈# ##......##.>..
##.### #....≈####.####.##....
.<...# #....≈#.........#.....
.###.# #≈≈≈≈≈#......#.......#
...#.# ######'......[......§g
.#.#.# #...........#####
##.#'#### #................
........#########.g.....#########
........'.......@gg.....>........
........##.#############.########
........##.# #.# ........##.###
#####.# ...#+#.......### #.....#
.#.#.#.........# #.###.####
.#...#.........# #.#......# ##
.##...........)# #.#......# #.
.###.#.#.###########.#......# #.


You could see 3 gnolls.

Vanquished Creatures
  Natasha (twice) (D:2)
  A gnoll (D:1)
  A dart slug (D:2)
  A ball python (D:2)
  5 bats
  5 endoplasms
  7 goblins
  A hobgoblin (D:2)
  2 jackals (D:1)
  4 kobolds
  2 quokkas (D:1)
  5 frilled lizards
  4 rats
40 creatures vanquished.

Vanquished Creatures (others)
  2 fungi (D:1)
2 creatures vanquished.

Grand Total: 42 creatures vanquished

Notes
Turn   | Place    | Note
-------+----------+-------------------------------------------
     0 | D:1      | NinjaNoafa the Gnoll Gladiator began the quest for the Orb.
     0 | D:1      | Reached XP level 1. HP: 20/20 MP: 1/1
   423 | D:1      | Reached XP level 2. HP: 26/26 MP: 2/2
   825 | D:1      | Reached XP level 3. HP: 28/31 MP: 3/3
  1120 | D:1      | Found a faded altar of an unknown god.
  1299 | D:2      | Reached skill level 1 in Invocations
  1622 | D:2      | Noticed Natasha
  1634 | D:2      | Killed Natasha
  1635 | D:2      | Reached skill level 1 in Short Blades
  1635 | D:2      | Reached skill level 1 in Long Blades
  1635 | D:2      | Reached skill level 1 in Axes
  1635 | D:2      | Reached skill level 1 in Maces & Flails
  1635 | D:2      | Reached skill level 1 in Polearms
  1635 | D:2      | Reached skill level 1 in Ranged Weapons
  1635 | D:2      | Reached skill level 1 in Armour
  1635 | D:2      | Reached skill level 1 in Stealth
  1635 | D:2      | Reached skill level 1 in Shields
  1635 | D:2      | Reached skill level 1 in Unarmed Combat
  1635 | D:2      | Reached skill level 1 in Spellcasting
  1635 | D:2      | Reached skill level 1 in Evocations
  1635 | D:2      | Reached XP level 4. HP: 30/38 MP: 5/5
  1739 | D:2      | Found a shimmering altar of Xom.
  2174 | D:2      | Noticed Natasha
  2181 | D:2      | Killed Natasha
  2182 | D:2      | Reached skill level 1 in Conjurations
  2182 | D:2      | Reached skill level 1 in Hexes
  2182 | D:2      | Reached skill level 1 in Summonings
  2182 | D:2      | Reached skill level 1 in Necromancy
  2182 | D:2      | Reached skill level 1 in Translocations
  2182 | D:2      | Reached skill level 1 in Transmutations
  2182 | D:2      | Reached skill level 1 in Fire Magic
  2182 | D:2      | Reached skill level 1 in Ice Magic
  2182 | D:2      | Reached skill level 1 in Air Magic
  2182 | D:2      | Reached skill level 1 in Earth Magic
  2182 | D:2      | Reached skill level 1 in Poison Magic
  2324 | D:2      | Found a runed translucent door.
  2325 | D:2      | Noticed Crazy Yiuf
  2485 | D:2      | Slain by a gnoll

Illustrated notes

Levels and vault maps discovered:
D:1:      kilobyte_arrival_exit_the_forest, layout_basic,
          shapermc_ecumenical_altar_mp_urbaneastern
D:2:      layout_basic, basic_altar, minivault_24,
          chequers_serial_rivers_room_a, uniq_crazy_yiuf_cottage, uniq_natasha

Skill      XL: |  1  2  3  4 |
---------------+-------------+-----
Invocations    | 1 |  1.4
Short Blades   | 1 |  1.2
Long Blades    | 1 |  1.2
Axes           | 1 |  1.2
Maces & Flails | 1 |  1.2
Polearms       | 1 |  1.2
Ranged Weapons | 1 |  1.2
Armour         | 1 |  1.2
Stealth        | 1 |  1.2
Shields        | 1 |  1.2
Unarmed Combat | 1 |  1.2
Spellcasting   | 1 |  1.2
Evocations     | 1 |  1.2
Conjurations   | 1 |  1.0
Hexes          | 1 |  1.0
Summonings     | 1 |  1.0
Necromancy     | 1 |  1.0
Translocations | 1 |  1.0
Transmutations | 1 |  1.0
Fire Magic     | 1 |  1.0
Ice Magic      | 1 |  1.0
Air Magic      | 1 |  1.0
Earth Magic    | 1 |  1.0
Poison Magic   | 1 |  1.0
Fighting       | |  4.7
Staves         | |  6.6
Throwing       | |  4.7
Dodging        | |  6.6

Action                   |  1- 3 |  4- 6 || total
-------------------------+-------+-------++-------
Melee: Quarterstaff      |   115 |    17 ||   132
       Bite              |    13 |     2 ||    15
Throw: Javelin           |     6 |       ||     6
  Use: Potion            |       |     4 ||     4
       Scroll            |       |     1 ||     1
Armor: Leather armour    |    37 |       ||    37
Dodge: Dodged            |   102 |    26 ||   128

Table legend: (Time is in decaauts)
 A = Elapsed time spent in this place.
 B = Non-inter-level travel time spent in this place.
 C = Inter-level travel time spent in this place.
 D = Time resting spent in this place.
 E = Time spent auto-exploring this place.
 F = Levels seen in this place.
 G = Mean time per level.
                   A        B        C        D        E       F      G
               +--------+--------+--------+--------+--------+-----+--------+
         Total |   2469 |   2361 |    108 |      0 |   1934 |   2 | 1234.5 |
       Dungeon |   2469 |   2361 |    108 |      0 |   1934 |   2 | 1234.5 |
               +--------+--------+--------+--------+--------+-----+--------+

Top non-repeatable levels by time:
     D:1: 1504 daAuts
     D:2: 965 daAuts
